 Dungeon Crawl Stone Soup version 0.31.0-32-g396128a36d (webtiles) character file.

Game seed: 8929764815560232558

6639 Fractals the Fighter (level 10, -11/96 (101) HPs)
             Began as a Minotaur Berserker on Apr 3, 2024.
             Was an Elder of Trog.
             Killed from afar by a rakshasa (15 damage)
             ... with a lance of force
             ... on level 8 of the Dungeon on Apr 4, 2024.
             The game lasted 00:16:14 (7933 turns).

Fractals the Fighter (Minotaur Berserker)           Turns: 7933, Time: 00:16:15

HP:   -11/96 (101)  AC: 17    Str: 24    XL:     10   Next: 72%
MP:   9/9           EV:  8    Int: 10    God:    Trog [****..]
Gold: 454           SH: 11    Dex: 12    Spells: 9/9 levels left

rFire   . . .        a - +0 hand axe
rCold   . . .        t - +0 kite shield {AC+3}
rNeg    . . .        C - +0 plate armour
rPois   .            (helmet restricted)
rElec   .            B - +0 cloak
rCorr   .            (no gloves)
SInv    .            (no boots)
Will    .....        (no amulet) Stlth
                     s - +6 ring of intelligence
HPRegen 0.36/turn    (no ring)
MPRegen 0.11/turn

%: no passive effects
@: on berserk cooldown, slowed, lightly drained, very slow
A: horns 2, retaliatory headbutt
a: Renounce Religion, Berserk, Trog's Hand, Brothers in Arms


You were on level 8 of the Dungeon.
You worshipped Trog.
Trog was greatly pleased with you.
You visited 1 branch of the dungeon, and saw 8 of its levels.
You also visited: Ossuary.

You collected 454 gold pieces.

Inventory:

Hand Weapons
 a - a +0 hand axe (weapon)
 u - a +1 flail of draining
 w - a +2 scimitar of flaming
Missiles
 z - 2 javelins (quivered)
Armour
 t - a +0 kite shield of protection (worn)
 B - a +0 cloak (worn)
 C - a +0 plate armour (worn)
Jewellery
 s - a +6 ring of intelligence (left hand)
Wands
 A - a wand of charming (7)
Scrolls
 f - 4 scrolls of enchant armour
 g - 5 scrolls of teleportation
 i - 2 scrolls of enchant weapon {unknown}
 j - a scroll of poison
 m - a scroll of blinking
 o - 2 scrolls of immolation
 p - a scroll of vulnerability {unknown}
 v - a scroll of fog {unknown}
Potions
 b - 6 potions of enlightenment
 c - a potion of resistance {unknown}
 d - 3 potions of lignification
 k - 6 potions of haste
 n - a potion of might {unknown}
 q - 3 potions of curing
 r - a potion of berserk rage {unknown}


   Skills:
 + Level 13.6 Fighting
 - Level 5.0 Axes
 - Level 6.1 Armour
 + Level 5.8 Dodging
 + Level 11.4 Shields


You had 9 spell levels left.
You didn't know any spells.
Your spell library was empty.

Dungeon Overview and Level Annotations

Branches:
Dungeon (8/15)             Temple (0/1) D:7         Ossuary (visited)
   Lair: D:8-11

Altars:
Sif Muna
Trog
Yredelemnul

Shops:
D:3 :

Annotations:
D:7 1 runed translucent door, Crazy Yiuf


Innate Abilities, Weirdness & Mutations

You have a pair of horns on your head.
You reflexively headbutt those who attack you in melee.


Message History

You feel yourself moving faster!
You feel mighty! The rakshasa closely misses you.
Unknown command.
Unknown command.
You completely miss the rakshasa. Your headbutt misses the rakshasa.
The rakshasa is heavily wounded.
The rakshasa blinks!
You feel a strong urge to attack something.
The rakshasa gestures at you. The lance of force hits you!
You are knocked back by the lance of force.
You slam into the rock wall!
You feel your anger nearly subside.
You are no longer berserk.
You are exhausted.
You feel yourself slow down.
You hit the rakshasa. You headbutt the rakshasa.
The rakshasa is heavily wounded.
The injured rakshasa weaves a defensive illusion!
The rakshasa hits you with a +0 long sword.
The rakshasa barely misses you.
You hit the rakshasa but do no damage. You headbutt the rakshasa.
The rakshasa is severely wounded.
You closely miss the rakshasa. You hit the rakshasa.
The rakshasa gestures at you. The lance of force hits you!
You are knocked back by the lance of force.
You slam into the rock wall!
The rakshasa gestures at you. The lance of force hits you!!
* * * LOW HITPOINT WARNING * * *
You are knocked back by the lance of force.
You collide with the rakshasa!
The rakshasa is almost dead.
* * * LOW HITPOINT WARNING * * *
The rakshasa hits you but does no damage.
You block the rakshasa's attack. The rakshasa gestures at you.
The lance of force hits you!
You die...

#.# ### ...
#.# #.# #.#
##.## #.## ...
##.# #.# #.#
#'#
#R####.######
#@R<.)........
#R....<#######
#..##.......
############


You could see 3 rakshasas.

Vanquished Creatures
  Pikel (D:6)
  Maurice (D:7)
  A manticore (D:7)
  Jeremiah (D:7)
  An unseen horror (D:7)
  A hornet (D:8)
  The ghost of Tripartite the Cutter, an amateur KoBr (D:3)
  Sigmund (D:3)
  6 yaks (D:6)
  A steam dragon (D:7)
  Edmund (D:6)
  4 water moccasins
  An orc warrior (D:7)
  2 ice beasts (D:7)
  A black bear (D:5)
  A sky beast (D:7)
  A centaur (D:8)
  A phantom (D:6)
  A lemure (D:6)
  Blork the orc (D:5)
  3 elf zombies (Ossuary)
  4 bullfrogs
  A gnoll sergeant (D:6)
  2 scorpions
  10 wights (D:7)
  The ghost of Tripartite the Sneak, a weakling MfDe (D:4)
  2 killer bees
  A howler monkey (D:7)
  2 bombardier beetles
  4 hounds
  3 orc priests
  A sleepcap (D:6)
  2 iguanas
  5 orc wizards (D:7)
  A hound zombie (Ossuary)
  4 mummies (Ossuary)
  5 gnolls
  7 adders
  A shadow imp (D:7)
  A white imp (D:7)
  4 ufetubi
  An adder zombie (D:3)
  5 dart slugs (D:1)
  9 orcs
  4 ball pythons
  7 endoplasms
  2 giant cockroaches (D:1)
  A gnoll zombie (Ossuary)
  3 goblins (D:2)
  12 hobgoblins
  6 jackals
  4 quokkas
  6 bats
  4 frilled lizards
  2 goblin zombies (Ossuary)
  A hobgoblin zombie (Ossuary)
  2 jackal zombies
  9 kobolds
  2 kobold zombies (Ossuary)
  An orc zombie (Ossuary)
  A quokka zombie (D:6)
  4 rats
  A rat zombie (D:6)
180 creatures vanquished.

Notes
Turn   | Place    | Note
-------+----------+-------------------------------------------
     0 | D:1      | Fractals the Minotaur Berserker began the quest for the
                  | Orb.
     0 | D:1      | Reached XP level 1. HP: 19/19 MP: 0/0
    74 | D:1      | Reached skill level 4 in Fighting
    74 | D:1      | Reached XP level 2. HP: 21/27 MP: 1/1
   141 | D:1      | Found a faded altar of an unknown god.
   263 | D:1      | You fall into a shaft and drop 1 floor!
   301 | D:2      | Reached XP level 3. HP: 34/34 MP: 2/2
   363 | D:2      | Reached ** piety under Trog
   720 | D:1      | Reached XP level 4. HP: 38/40 MP: 3/3
   925 | D:2      | Reached skill level 5 in Axes
  1071 | D:2      | Reached skill level 5 in Fighting
  1401 | D:3      | Found Bommirea's Vocational Training.
  1442 | D:3      | Reached XP level 5. HP: 48/48 MP: 4/4
  1466 | D:3      | Found a runed translucent gate.
  1467 | D:3      | Found a runed translucent gate.
  1467 | D:3      | Noticed Tripartite's ghost (amateur KoBr)
  1468 | D:3      | Found a runed translucent gate.
  1471 | D:3      | Found a basalt altar of Yredelemnul.
  1587 | D:3      | Killed Tripartite's ghost
  1588 | D:3      | Reached skill level 6 in Fighting
  1588 | D:3      | Reached XP level 6. HP: 58/58 MP: 5/5
  1692 | D:3      | Noticed Sigmund
  1697 | D:3      | Killed Sigmund
  1698 | D:3      | Reached skill level 7 in Fighting
  1698 | D:3      | Reached skill level 5 in Armour
  2142 | D:4      | Found a runed translucent door.
  2143 | D:4      | Noticed Tripartite's ghost (weakling MfDe)
  2201 | D:4      | Reached XP level 7. HP: 66/66 MP: 6/6
  2236 | D:4      | Reached *** piety under Trog
  2816 | D:4      | Killed Tripartite's ghost
  2817 | D:4      | Reached skill level 1 in Shields
  2885 | D:5      | Entered Level 5 of the Dungeon
  2893 | D:5      | Noticed Blork the orc
  2899 | D:5      | Identified the +1 whip of the Howling Gods {flame, *Corrode
                  | rElec SInv}
  2946 | D:5      | Reached skill level 8 in Fighting
  2965 | D:5      | Found a bloodstained altar of Trog.
  3485 | D:5      | Killed Blork the orc
  3568 | D:6      | Noticed a yak
  3588 | D:6      | Killed a yak
  3589 | D:6      | Reached XP level 8. HP: 65/77 MP: 7/7
  3649 | D:6      | Reached skill level 9 in Fighting
  3649 | D:6      | Reached skill level 5 in Shields
  3668 | D:6      | Reached skill level 10 in Fighting
  4010 | D:6      | Found a sand-covered staircase.
  4025 | Ossuary  | Entered an ossuary
  4036 | Ossuary  | Reached **** piety under Trog
  4044 | Ossuary  | Reached XP level 9. HP: 86/86 MP: 8/8
  4404 | D:6      | Reached skill level 11 in Fighting
  4695 | D:6      | Noticed Pikel
  4717 | D:6      | Killed Pikel
  4870 | D:6      | Noticed Edmund
  4890 | D:6      | Killed Edmund
  5080 | D:6      | Found a shimmering blue altar of Sif Muna.
  5311 | D:7      | Noticed Maurice
  5324 | D:7      | Something stole a +2 scimitar of flaming
  5327 | D:7      | Something stole 351 gold
  5333 | D:7      | Something stole 2 javelins
  5335 | D:7      | Something stole 11 gold
  5628 | D:7      | Killed Maurice
  5629 | D:7      | Reached skill level 12 in Fighting
  5882 | D:7      | Reached skill level 10 in Shields
  5894 | D:7      | Reached XP level 10. HP: 90/99 MP: 9/9
  6034 | D:7      | Noticed a manticore
  6066 | D:7      | Killed a manticore
  6440 | D:7      | Reached skill level 13 in Fighting
  6582 | D:7      | Noticed Jeremiah
  7198 | D:7      | Killed Jeremiah
  7199 | D:7      | Reached skill level 5 in Dodging
  7343 | D:7      | Found a staircase to the Ecumenical Temple.
  7377 | D:7      | Found a runed translucent door.
  7378 | D:7      | Noticed Crazy Yiuf
  7914 | D:8      | Noticed a rakshasa
  7933 | D:8      | HP: 4/96 [rakshasa collision (16)]
  7933 | D:8      | Killed from afar by a rakshasa

Illustrated notes

Levels and vault maps discovered:
D:1:      lemuel_arrival_broad_hall, layout_basic,
          shapermc_ecumenical_altar_acropolis
D:2:      layout_basic, cheibrodos_gnoll_hut
D:3:      layout_rooms, nicolae_yredelemnul_ghost_church,
          nicolae_shop_vocational, uniq_sigmund
D:4:      minmay_door_path, layout_loops_ring, ebering_ghost_reflecting_pool
D:5:      layout_loops_ring, kennysheep_little_box, uniq_blork_the_orc
D:6:      layout_loops_ring, mainiacjoe_overflow_chevrons, enter_ossuary_4,
          uniq_pikel, uniq_edmund
D:7:      nzn_winding_woodlands_small [nzn_winding_woodlands_5x15_parted,
          nzn_winding_woodlands_center_triple_pond,
          nzn_winding_woodlands_5x15_jagged], layout_loops_ring,
          minmay_temple_entry_antechambers, uniq_jeremiah,
          uniq_crazy_yiuf_cottage, uniq_maurice
D:8:      hangedman_cross_veins, layout_loops_ring,
          nicolae_gozag_cash_rules_everything_around_me, minitemple,
          uniq_amaemon

Skill      XL: |  1  2  3  4  5  6  7  8  9 10 |
---------------+-------------------------------+-----
Fighting       | 4 5 6 7 8 10 12 13 | 13.6
Axes           | 4 5 |  5.0
Armour         | 3 4 5 6 |  6.1
Shields        | 4 7 10 11 | 11.4
Dodging        | 5 |  5.8

Action                     |  1- 3 |  4- 6 |  7- 9 | 10-12 || total
---------------------------+-------+-------+-------+-------++-------
  Melee: Hand axe          |    84 |    64 |   309 |   222 ||   679
         Headbutt          |    19 |    11 |    70 |    46 ||   146
         Flail             |       |       |    54 |       ||    54
 Invoke: Berserk           |       |     2 |     4 |     1 ||     7
         Trog's Hand       |       |       |     1 |     1 ||     2
  Evoke: Wand              |       |       |       |     4 ||     4
    Use: Scroll            |       |     4 |     7 |     5 ||    16
         Potion            |       |       |     1 |     4 ||     5
 Armour: Ring mail         |    39 |    32 |       |       ||    71
         Animal skin       |     1 |       |       |       ||     1
         Chain mail        |       |    16 |   337 |    76 ||   429
         Plate armour      |       |       |       |   112 ||   112
  Dodge: Dodged            |    49 |    32 |   100 |    45 ||   226
  Block: Kite shield       |       |       |   143 |   132 ||   275
